AoeStats
← s m i f f y

Black Forest

509631175Analyzed
2v2 RM · 5d ago on Sep 27, 2026· 63m 3s· 4 players
Game mode
Random Map
Map size
Medium (4 player)
Population
200
Speed
Normal
Resources
Standard
Victory
Conquest
Starting age
Dark Age
Ending age
Imperial Age
RankedLock teamsTeams togetherTeam positionsShared explorationLock speedFull tech treeHidden civsTurbo modeCheats
Victory
Defeat
🇸🇪 Saxons · Sweden
1182
+16
🇬🇧 Bohemians · United Kingdom
1158
+16
🇷🇺 Danes · Russia
1177
-16
🇷🇺 Hindustanis · Russia
1163
-16
Top 1 IQ
11:53 Feudal Age
16:20 Castle Age
14:06 Loom
14:57 Wheelbarrow
14:12 Double-Bit Axe
14:09 Horse Collar
17:53 Wheelbarrow
17:19 Heavy Plow
17:31 Bow Saw
20:06 Hand Cart
20:46 Stone Mining
21:48 Scale Mail Armor
23:37 Stone Shaft Mining
24:32 Town Watch
26:00 Gold Mining
27:35 Chain Mail Armor
27:13 Hamask
30:23 Gold Shaft Mining
29:58 Town Patrol
33:47 Imperial Age
32:02 Forging
31:39 Gambesons
31:55 Squires
31:40 Arson
31:43 Gambesons
33:28 Iron Casting
33:55 Onager
34:44 Siege Engineers
35:00 Ballistics
34:10 Elite Jomsviking
35:13 Conscription
36:03 Plate Mail Armor
36:34 Blast Furnace
35:55 Northmen's Fury
36:21 Siege Onager
38:27 Caravan
39:35 Chemistry
38:35 Murder Holes
40:39 Capped Ram
42:07 Siege Ram
43:11 Elite Varangian Guard
John souls
1:23 Loom
10:53 Feudal Age
11:36 Double-Bit Axe
15:45 Castle Age
14:16 Horse Collar
18:52 Wheelbarrow
18:57 Bow Saw
20:22 Hand Cart
23:50 Heavy Plow
27:33 Imperial Age
31:10 Chemistry
30:31 Ballistics
30:13 Padded Archer Armor
31:52 Shatagni
32:13 Conscription
31:54 Grand Trunk Road
32:31 Gold Mining
32:31 Stone Mining
33:43 Two-Man Saw
33:34 Leather Archer Armor
34:20 Caravan
53:22 Forging
53:12 Scale Mail Armor
52:36 Man-at-Arms
53:17 Squires
53:03 Arson
56:33 Long Swordsman
60:04 Two-Handed Swordsman
61:22 Iron Casting
61:02 Chain Mail Armor
63:06 Blast Furnace
61:29 Champion
s m i f f y
0:57 Loom
11:18 Feudal Age
15:50 Castle Age
14:24 Double-Bit Axe
15:29 Horse Collar
25:24 Fervor
29:18 Imperial Age
28:57 Chemistry
29:02 Wheelbarrow
28:12 Town Watch
28:34 Heavy Plow
28:53 Bow Saw
31:02 Two-Man Saw
29:56 Pikeman
30:37 Squires
31:30 Hand Cart
31:43 Forging
31:34 Scale Mail Armor
32:53 Town Patrol
33:02 Caravan
32:45 Halberdier
34:33 Iron Casting
34:14 Chain Mail Armor
34:30 Conscription
34:17 Siege Engineers
34:51 Houfnice
36:58 Arson
37:40 Fortified Wall
37:27 Murder Holes
37:42 Masonry
37:25 Fletching
38:36 Blast Furnace
38:14 Plate Mail Armor
37:48 Fletching
39:43 Man-at-Arms
41:17 Bodkin Arrow
40:55 Long Swordsman
42:41 Bracer
42:14 Two-Handed Swordsman
45:24 Champion
52:00 Bombard Tower
52:12 Architecture
60:06 Guard Tower
60:37 Ballistics
61:42 Padded Archer Armor
61:52 Wagenburg Tactics
MehTy
0:36 Loom
10:44 Feudal Age
17:12 Castle Age
14:57 Horse Collar
17:13 Double-Bit Axe
21:51 Wheelbarrow
21:30 Heavy Plow
24:52 Bow Saw
26:21 Hand Cart
27:28 Town Watch
28:24 Town Patrol
32:31 Imperial Age
30:38 Forging
30:29 Scale Mail Armor
31:45 Fortified Wall
31:20 Treadmill Crane
32:08 Ballistics
31:55 Fletching
33:23 Squires
33:11 Arson
33:23 Bodkin Arrow
33:35 Caravan
35:47 Iron Casting
35:13 Bracer
38:13 Two-Man Saw
38:20 Chemistry
37:37 Chain Mail Armor
36:56 Elite Hearth Troop
37:10 Shield Wall
38:28 Hoardings
38:26 Pikeman
47:10 Conscription
50:40 Gold Mining
51:26 Crop Rotation
51:32 Plate Mail Armor
63:28 Siege Engineers
Connection lost

Rejoining the realm…

Still unreachable

The connection could not be restored.

Session expired

The server has moved on; the page needs a fresh start.